Pick #1

Connor Bedard
Pick #2

Leo Carlsson
Pick #3

Adam Fantilli
Pick #4

Matvei Michkov
Pick #5

David Reinbacher
Pick #6

William Smith
Pick #7

Zachary Benson
Pick #8

Ryan Leonard
Pick #9

Gabriel Perreault
Pick #10

Axel Sandin-Pellika
Pick #11

Daniil But
Pick #12

Dalibor Dvorsky
Pick #13

Quentin Musty
Pick #14

Brayden Yager
Pick #15

Dmitry Simashev
Pick #16

Colby Barlow
Pick #17

Andrew Cristall
Pick #18

Easton Cowan
Pick #19

Jacob Fowler
Pick #20

Oliver Moore
Pick #21

Oliver Bonk
Pick #22

Tom Willander
Pick #23

Calum Ritchie
Pick #24

Tanner Molendyk
Pick #25

Gavin Brindley
Pick #26

Nate Danielson
Pick #27

Pick #28

Pick #29

Pick #30

Pick #31

Pick #32

Pick #33

Pick #34

Pick #35

Pick #36

Pick #37

Pick #38

Pick #39

Pick #40

Pick #41

Pick #42

Pick #43

Pick #44

Pick #45

Pick #46

Pick #47

Pick #48

Pick #49

Pick #50

Pick #51

Pick #52

Pick #53

Pick #54

Pick #55

Pick #56

Pick #57

Pick #58

Pick #59

Pick #60

Pick #61

Pick #62

Pick #63

Pick #64

Pick #65

Pick #66

Pick #67

Pick #68

Pick #69

Pick #70

Pick #71

Pick #72

Pick #73

Pick #74

Pick #75

Pick #76

Pick #77

Pick #78

Pick #79

Pick #80

Pick #81

Pick #82

Pick #83

Pick #84

Pick #85

Pick #86

Pick #87

Pick #88

Pick #89

Pick #90

Pick #91

Pick #92

Pick #93

Pick #94

Pick #95

Pick #96

Pick #97

Pick #98

Pick #99

Pick #100

Pick #101

Pick #102

Pick #103

Pick #104

Pick #105

Pick #106

Pick #107

Pick #108

Pick #109

Pick #110

Pick #111

Pick #112

Pick #113

Pick #114

Pick #115

Pick #116

Pick #117

Pick #118

Pick #119

Pick #120

Pick #121

Pick #122

Pick #123

Pick #124

Pick #125

Pick #126

Pick #127

Pick #128

Pick #129

Pick #130

Full Scoreboard »»

Lightning vs MapleLeafs

Created - October 26, 2023 at 22:30

Goals
1 2 3 OT1 T
Lightning 0 2 0 0 2
MapleLeafs 0 2 0 1 3
Shots
1 2 3 OT1 T
Lightning 9 13 9 3 34
MapleLeafs 11 12 12 5 40

GoalsPenalties
1st period
No Goal
Zach Whitecloud (TOR) for Interference (Minor) at 12:49
2nd period
1. Lightning , Patrice Bergeron 3 (Brandon Montour 1, John Klingberg 4) at 0:40
2. MapleLeafs , Noel Acciari 1 (Nicolas Hague 4, Jonathan Huberdeau 4) at 6:53
3. Lightning , Patrice Bergeron 4 (Tyler Toffoli 3, Jeff Skinner 3) at 13:51
4. MapleLeafs , Filip Chytil 2 (John Marino 1, Noel Acciari 1) at 14:20
Alex Killorn (TBL) for Cross-checking (Minor) at 4:31
Mikael Granlund (TOR) for Roughing (Minor) at 9:00
3rd period
No Goal
Andrew Peeke (TBL) for Tripping (Minor) at 16:05
Overtime #1
5. MapleLeafs , Drake Batherson 2 (Alexander Wennberg 3, Rasmus Sandin 2) at 2:47
No Penalty
Goalie Stats
Jacob Markstrom (TBL), 37 saves from 40 shots - (0.925), OTL, 0-3-3, 62:48 minutes
Alex Nedeljkovic (TOR), 32 saves from 34 shots - (0.941), W, 1-1-0, 62:48 minutes
3 StarsOfficial
1 - Patrice Bergeron (TBL)
2 - Noel Acciari (TOR)
3 - Rasmus Sandin (TOR)
Referees : Jake Brenk and Beaudry Halkidis
Linesman : James Tobias and Bevan Mills
Game Note
No Game Note
Finance
Level 1 -- Attendance: 6311 (97.09%) -- Ticket Income $694,210
Level 2 -- Attendance: 4875 (97.50%) -- Ticket Income $438,750
Level 3 -- Attendance: 3468 (99.09%) -- Ticket Income $225,420
Level 4 -- Attendance: 2819 (100.00%) -- Ticket Income $112,760
Luxury Box -- Attendance: 1000 (100.00%) -- Ticket Income $220,000
Game was played at the Air Canada Center.
Total Attendance: 18473 (98.16%)
Total Ticket Income: $1,691,140
Other Income: $422,785
Total Income: $2,113,925



Team Name Goals Shots Shots Attemp Shots Blocked PIM HIT PP PK FO%
Lightning 23459104230 / 2 (0%)054%
MapleLeafs 3407974170 / 2 (0%)046%

Lightning
Player Name POS G A P +/- PIM HIT SHT SB MP PP MP PP SHT PK MP PK SHT FO% FOT
Alex KillornLW000-1232019:442:0410:100100% 1
Andrew PeekeD0001211021:462:0411:0000% 0
Barclay GoodrowC000000000:000:0000:0000% 0
Brandon MontourD011-1030026:571:5402:1300% 0
Brock NelsonC000-1024121:302:0401:03047% 32
Dawson MercerC000-1011212:270:0000:0000% 0
Erik HaulaLW000-1022014:200:0000:0000% 0
Jeff SkinnerLW0111016026:201:5402:420100% 1
John KlingbergD0110011325:301:5401:5000% 0
Kaiden GuhleD000-1010013:120:0000:4500% 0
Kevin ShattenkirkD0001011222:552:0412:0800% 0
Patrice BergeronC2021038126:451:5402:42055% 42
Pierre EngvallLW000000000:030:0000:0300% 0
Ryan StromeC000-1033020:002:0400:00025% 4
Teddy BluegerC000000000:130:0000:1300% 0
Trevor MooreLW000-1002014:450:0000:000100% 1
Tyler ToffoliRW0112012023:371:5411:0300% 0
William KarlssonC000-1001114:200:0000:00061% 18
MapleLeafs
Player Name POS G A P +/- PIM HIT SHT SB MP PP MP PP SHT PK MP PK SHT FO% FOT
Alexander RomanovD000-2010120:371:4702:1100% 0
Alexander WennbergC0111008017:150:0001:59054% 28
Drake BathersonRW1010039019:191:4720:0000% 2
Dylan DeMeloD000000002:590:0000:0000% 0
Erik CernakD000-2011118:460:0002:0700% 0
Evgeny KuznetsovC000-1005021:122:1111:0800% 4
Filip ChytilC101200108:520:0001:3500% 0
John MarinoD0111011219:281:4711:5100% 0
Jon MarchessaultLW/RW000-1024019:012:1110:180100% 1
Jonathan HuberdeauC0111013023:542:1100:0000% 0
Juuso ValimakiD000000002:112:1100:0000% 0
Kasperi KapanenRW0000002015:181:4710:0000% 3
Mikael GranlundC000-1201017:000:0000:24041% 22
Nicolas HagueD0111000219:260:0001:4700% 0
Noel AcciariC1122033022:370:0002:32059% 17
Rasmus SandinD0112051022:452:1100:0000% 0
Sean MonahanC000-1001117:091:4700:00050% 22
Zach WhitecloudD0001200016:350:0000:0000% 0



Play-by-Play

1st period


0:01 of 1st period - Patrice Bergeron wins face-off versus Sean Monahan in neutral zone.
0:01 of 1st period - Patrice Bergeron is hit by Jonathan Huberdeau.
0:08 of 1st period - Icing by Jon Marchessault.
0:09 of 1st period - Brock Nelson wins face-off versus Sean Monahan in MapleLeafs zone.
0:26 of 1st period - Shot by Jon Marchessault.
0:26 of 1st period - Shot Misses the Net.
0:42 of 1st period - Shot by Sean Monahan.
0:42 of 1st period - Stopped by Jacob Markstrom without a rebound.
0:43 of 1st period - William Karlsson wins face-off versus Mikael Granlund in Lightning zone.
0:51 of 1st period - Trevor Moore is hit by Drake Batherson and loses puck.
1:56 of 1st period - Shot by John Klingberg.
1:56 of 1st period - Deflect By Patrice Bergeron.
1:56 of 1st period - Shot Misses the Net.
2:06 of 1st period - Shot by Tyler Toffoli.
2:06 of 1st period - Stopped by Alex Nedeljkovic without a rebound.
2:07 of 1st period - Brock Nelson wins face-off versus Sean Monahan in MapleLeafs zone.
2:48 of 1st period - Shot by Brock Nelson.
2:48 of 1st period - Stopped by Alex Nedeljkovic with a rebound.
3:07 of 1st period - Jeff Skinner is hit by John Marino.
3:12 of 1st period - Jeff Skinner is hit by Rasmus Sandin and loses puck.
3:19 of 1st period - Shot by Jeff Skinner.
3:19 of 1st period - Stopped by Alex Nedeljkovic without a rebound.
3:20 of 1st period - Alexander Wennberg wins face-off versus William Karlsson in MapleLeafs zone.
3:28 of 1st period - Kasperi Kapanen is hit by Kaiden Guhle and loses puck.
4:13 of 1st period - Mikael Granlund is hit by Erik Haula and loses puck.
4:42 of 1st period - Shot by Drake Batherson.
4:42 of 1st period - Stopped by Jacob Markstrom with a rebound.
4:44 of 1st period - Shot by Erik Cernak.
4:44 of 1st period - Shot Blocked by William Karlsson.
5:09 of 1st period - Icing by Rasmus Sandin.
5:10 of 1st period - Noel Acciari wins face-off versus Patrice Bergeron in MapleLeafs zone.
5:10 of 1st period - Jonathan Huberdeau is hit by Jeff Skinner and loses puck.
5:19 of 1st period - Shot by Jeff Skinner.
5:19 of 1st period - Stopped by Alex Nedeljkovic without a rebound.
5:20 of 1st period - Sean Monahan wins face-off versus Patrice Bergeron in MapleLeafs zone.
6:43 of 1st period - Icing by Alex Killorn.
6:44 of 1st period - Alexander Wennberg wins face-off versus Brock Nelson in Lightning zone.
6:53 of 1st period - Shot by Alexander Wennberg.
6:53 of 1st period - Shot Misses the Net.
7:15 of 1st period - Shot by Noel Acciari.
7:15 of 1st period - Stopped by Jacob Markstrom without a rebound.
7:16 of 1st period - Patrice Bergeron wins face-off versus Mikael Granlund in Lightning zone.
7:24 of 1st period - Evgeny Kuznetsov is hit by Brandon Montour and loses puck.
7:41 of 1st period - Icing by John Klingberg.
7:42 of 1st period - Patrice Bergeron wins face-off versus Alexander Wennberg in Lightning zone.
7:42 of 1st period - Patrice Bergeron is hit by Noel Acciari.
7:49 of 1st period - Alexander Wennberg is hit by Patrice Bergeron and loses puck.
8:19 of 1st period - Shot by Kasperi Kapanen.
8:19 of 1st period - Shot Misses the Net.
8:34 of 1st period - Off-side.
8:35 of 1st period - Brock Nelson wins face-off versus Mikael Granlund in neutral zone.
9:07 of 1st period - Icing by Kevin Shattenkirk.
9:08 of 1st period - Brock Nelson wins face-off versus Sean Monahan in Lightning zone.
9:15 of 1st period - Shot by Jon Marchessault.
9:15 of 1st period - Stopped by Jacob Markstrom without a rebound.
9:16 of 1st period - Noel Acciari wins face-off versus William Karlsson in Lightning zone.
10:08 of 1st period - Icing by Zach Whitecloud.
10:09 of 1st period - Noel Acciari wins face-off versus Patrice Bergeron in MapleLeafs zone.
12:18 of 1st period - Shot by William Karlsson.
12:18 of 1st period - Stopped by Alex Nedeljkovic without a rebound.
12:19 of 1st period - Patrice Bergeron wins face-off versus Alexander Wennberg in MapleLeafs zone.
12:41 of 1st period - Alexander Wennberg is hit by Patrice Bergeron and loses puck.
12:49 of 1st period - Minor Penalty to Zach Whitecloud for Interference.
12:50 of 1st period - Alexander Wennberg wins face-off versus Brock Nelson in MapleLeafs zone.
12:50 of 1st period - Erik Cernak is hit by Brock Nelson and loses puck.
12:56 of 1st period - Alex Killorn is hit by Erik Cernak and loses puck.
13:29 of 1st period - Shot by Kevin Shattenkirk.
13:29 of 1st period - Shot Misses the Net.
13:31 of 1st period - Shot by Andrew Peeke.
13:31 of 1st period - Stopped by Alex Nedeljkovic without a rebound.
13:32 of 1st period - Alexander Wennberg wins face-off versus Patrice Bergeron in MapleLeafs zone.
14:02 of 1st period - Shot by Jeff Skinner.
14:02 of 1st period - Shot Misses the Net.
14:04 of 1st period - Shot by Brandon Montour.
14:04 of 1st period - Shot Misses the Net.
14:06 of 1st period - Shot by Patrice Bergeron.
14:06 of 1st period - Shot Misses the Net.
14:08 of 1st period - Shot by Patrice Bergeron.
14:08 of 1st period - Shot Misses the Net.
14:10 of 1st period - Shot by Patrice Bergeron.
14:10 of 1st period - Shot Misses the Net.
14:49 of 1st period - Icing by Andrew Peeke.
14:50 of 1st period - William Karlsson wins face-off versus Sean Monahan in Lightning zone.
14:56 of 1st period - Off-side.
14:57 of 1st period - Sean Monahan wins face-off versus William Karlsson in neutral zone.
15:04 of 1st period - Shot by Jonathan Huberdeau.
15:04 of 1st period - Stopped by Jacob Markstrom with a rebound.
15:21 of 1st period - Trevor Moore is hit by Rasmus Sandin and loses puck.
15:26 of 1st period - Shot by Erik Haula.
15:26 of 1st period - Stopped by Alex Nedeljkovic with a rebound.
16:26 of 1st period - Shot by Brock Nelson.
16:26 of 1st period - Stopped by Alex Nedeljkovic without a rebound.
16:27 of 1st period - Alexander Wennberg wins face-off versus Patrice Bergeron in MapleLeafs zone.
16:42 of 1st period - Shot by Alexander Wennberg.
16:42 of 1st period - Shot Blocked by Dawson Mercer.
17:02 of 1st period - Shot by Alexander Wennberg.
17:02 of 1st period - Stopped by Jacob Markstrom without a rebound.
17:03 of 1st period - William Karlsson wins face-off versus Mikael Granlund in Lightning zone.
17:22 of 1st period - Icing by Drake Batherson.
17:23 of 1st period - Mikael Granlund wins face-off versus Brock Nelson in MapleLeafs zone.
17:35 of 1st period - Evgeny Kuznetsov is hit by Kevin Shattenkirk and loses puck.
17:55 of 1st period - Shot by Evgeny Kuznetsov.
17:55 of 1st period - Stopped by Jacob Markstrom without a rebound.
17:56 of 1st period - Noel Acciari wins face-off versus Patrice Bergeron in Lightning zone.
17:59 of 1st period - Shot by Jonathan Huberdeau.
17:59 of 1st period - Shot Blocked by John Klingberg.
18:05 of 1st period - Shot by Jonathan Huberdeau.
18:05 of 1st period - Shot Misses the Net.
18:07 of 1st period - Shot by Noel Acciari.
18:07 of 1st period - Stopped by Jacob Markstrom without a rebound.
18:08 of 1st period - William Karlsson wins face-off versus Sean Monahan in Lightning zone.
18:08 of 1st period - William Karlsson is hit by Jon Marchessault.
18:24 of 1st period - Shot by Jon Marchessault.
18:24 of 1st period - Stopped by Jacob Markstrom without a rebound.
18:25 of 1st period - Patrice Bergeron wins face-off versus Alexander Wennberg in Lightning zone.
18:57 of 1st period - Icing by Erik Cernak.
18:58 of 1st period - Alexander Wennberg wins face-off versus Brock Nelson in MapleLeafs zone.
19:13 of 1st period - Shot by Kasperi Kapanen.
19:13 of 1st period - Stopped by Jacob Markstrom without a rebound.
19:14 of 1st period - William Karlsson wins face-off versus Sean Monahan in Lightning zone.
19:20 of 1st period - Erik Haula is hit by Rasmus Sandin and loses puck.
19:25 of 1st period - Shot by Erik Haula.
19:25 of 1st period - Stopped by Alex Nedeljkovic without a rebound.
19:26 of 1st period - Patrice Bergeron wins face-off versus Mikael Granlund in MapleLeafs zone.
19:53 of 1st period - Shot by Mikael Granlund.
19:53 of 1st period - Stopped by Jacob Markstrom without a rebound.
19:54 of 1st period - Noel Acciari wins face-off versus Brock Nelson in Lightning zone.
Goals for this period are 0 for Lightning vs 0 for MapleLeafs.
Shots for this period are 9 for Lightning vs 11 for MapleLeafs.

2nd period


0:01 of 2nd period - Noel Acciari wins face-off versus Ryan Strome in neutral zone.
0:06 of 2nd period - Shot by Jonathan Huberdeau.
0:06 of 2nd period - Shot Misses the Net.
0:09 of 2nd period - Icing by John Klingberg.
0:10 of 2nd period - Sean Monahan wins face-off versus Ryan Strome in Lightning zone.
0:14 of 2nd period - Icing by John Klingberg.
0:15 of 2nd period - Ryan Strome wins face-off versus Noel Acciari in Lightning zone.
0:24 of 2nd period - Shot by Patrice Bergeron.
0:24 of 2nd period - Deflect By Ryan Strome.
0:24 of 2nd period - Stopped by Alex Nedeljkovic without a rebound.
0:25 of 2nd period - Patrice Bergeron wins face-off versus Sean Monahan in MapleLeafs zone.
0:34 of 2nd period - Shot by Patrice Bergeron.
0:34 of 2nd period - Shot Misses the Net.
0:36 of 2nd period - Shot by John Klingberg.
0:36 of 2nd period - Shot Misses the Net.
0:40 of 2nd period - Shot by Patrice Bergeron.
0:40 of 2nd period - Goal by Patrice Bergeron - Lightning : 1 - MapleLeafs : 0.
0:41 of 2nd period - Brock Nelson wins face-off versus Alexander Wennberg in neutral zone.
1:57 of 2nd period - Shot by Patrice Bergeron.
1:57 of 2nd period - Shot Misses the Net.
2:15 of 2nd period - Shot by Jeff Skinner.
2:15 of 2nd period - Stopped by Alex Nedeljkovic with a rebound.
2:23 of 2nd period - Shot by Patrice Bergeron.
2:23 of 2nd period - Shot Misses the Net.
2:59 of 2nd period - Shot by Erik Haula.
2:59 of 2nd period - Shot Blocked by Nicolas Hague.
3:07 of 2nd period - Shot by Trevor Moore.
3:07 of 2nd period - Stopped by Alex Nedeljkovic without a rebound.
3:08 of 2nd period - Brock Nelson wins face-off versus Alexander Wennberg in MapleLeafs zone.
3:26 of 2nd period - Icing by Noel Acciari.
3:27 of 2nd period - Alexander Wennberg wins face-off versus William Karlsson in MapleLeafs zone.
3:46 of 2nd period - Shot by Rasmus Sandin.
3:46 of 2nd period - Stopped by Jacob Markstrom without a rebound.
3:47 of 2nd period - Mikael Granlund wins face-off versus Patrice Bergeron in Lightning zone.
4:00 of 2nd period - Shot by Jeff Skinner.
4:00 of 2nd period - Deflect By Patrice Bergeron.
4:00 of 2nd period - Stopped by Alex Nedeljkovic with a rebound.
4:16 of 2nd period - Shot by Drake Batherson.
4:16 of 2nd period - Stopped by Jacob Markstrom without a rebound.
4:17 of 2nd period - Noel Acciari wins face-off versus Brock Nelson in Lightning zone.
4:17 of 2nd period - Noel Acciari is hit by Brandon Montour.
4:26 of 2nd period - Icing by Brandon Montour.
4:27 of 2nd period - Sean Monahan wins face-off versus Brock Nelson in Lightning zone.
4:27 of 2nd period - Jonathan Huberdeau is hit by John Klingberg and loses puck.
4:31 of 2nd period - Minor Penalty to Alex Killorn for Cross-checking.
4:32 of 2nd period - Patrice Bergeron wins face-off versus Evgeny Kuznetsov in Lightning zone.
5:10 of 2nd period - Shot by Rasmus Sandin.
5:10 of 2nd period - Deflect By Evgeny Kuznetsov.
5:10 of 2nd period - Stopped by Jacob Markstrom with a rebound.
5:37 of 2nd period - John Klingberg is hit by Alexander Romanov and loses puck.
5:48 of 2nd period - Shot by Alexander Romanov.
5:48 of 2nd period - Shot Misses the Net.
5:50 of 2nd period - Shot by Drake Batherson.
5:50 of 2nd period - Stopped by Jacob Markstrom with a rebound.
5:52 of 2nd period - Shot by Kasperi Kapanen.
5:52 of 2nd period - Shot Misses the Net.
5:54 of 2nd period - Shot by Drake Batherson.
5:54 of 2nd period - Stopped by Jacob Markstrom with a rebound.
5:56 of 2nd period - Shot by Drake Batherson.
5:56 of 2nd period - Deflect By Kasperi Kapanen.
5:56 of 2nd period - Stopped by Jacob Markstrom without a rebound.
5:57 of 2nd period - Sean Monahan wins face-off versus Brock Nelson in Lightning zone.
6:08 of 2nd period - Shot by Kasperi Kapanen.
6:08 of 2nd period - Shot Misses the Net.
6:17 of 2nd period - Icing by Kasperi Kapanen.
6:18 of 2nd period - Sean Monahan wins face-off versus Patrice Bergeron in MapleLeafs zone.
6:33 of 2nd period - Nicolas Hague is hit by Dawson Mercer and loses puck.
6:53 of 2nd period - Shot by Noel Acciari.
6:53 of 2nd period - Goal by Noel Acciari - Lightning : 1 - MapleLeafs : 1.
6:54 of 2nd period - Mikael Granlund wins face-off versus Ryan Strome in neutral zone.
6:54 of 2nd period - Mikael Granlund is hit by Ryan Strome.
7:03 of 2nd period - Alex Killorn is hit by Rasmus Sandin and loses puck.
7:06 of 2nd period - Shot by Ryan Strome.
7:06 of 2nd period - Stopped by Alex Nedeljkovic without a rebound.
7:07 of 2nd period - Noel Acciari wins face-off versus William Karlsson in MapleLeafs zone.
8:02 of 2nd period - John Klingberg is hit by Noel Acciari and loses puck.
8:35 of 2nd period - Shot by Sean Monahan.
8:35 of 2nd period - Shot Misses the Net.
9:00 of 2nd period - Minor Penalty to Mikael Granlund for Roughing.
9:01 of 2nd period - Brock Nelson wins face-off versus Noel Acciari in MapleLeafs zone.
9:02 of 2nd period - Shot by Kevin Shattenkirk.
9:02 of 2nd period - Stopped by Alex Nedeljkovic with a rebound.
9:04 of 2nd period - Shot by Alex Killorn.
9:04 of 2nd period - Stopped by Alex Nedeljkovic without a rebound.
9:05 of 2nd period - Alexander Wennberg wins face-off versus Brock Nelson in MapleLeafs zone.
9:05 of 2nd period - Alexander Wennberg is hit by Alex Killorn.
9:28 of 2nd period - Evgeny Kuznetsov is hit by Ryan Strome and loses puck.
9:40 of 2nd period - Icing by Kevin Shattenkirk.
9:41 of 2nd period - Alexander Wennberg wins face-off versus Brock Nelson in Lightning zone.
10:24 of 2nd period - Shot by Patrice Bergeron.
10:24 of 2nd period - Shot Blocked by John Marino.
10:26 of 2nd period - Shot by Tyler Toffoli.
10:26 of 2nd period - Stopped by Alex Nedeljkovic without a rebound.
10:27 of 2nd period - Patrice Bergeron wins face-off versus Alexander Wennberg in MapleLeafs zone.
11:34 of 2nd period - Shot by Sean Monahan.
11:34 of 2nd period - Shot Misses the Net.
11:38 of 2nd period - Shot by Jon Marchessault.
11:38 of 2nd period - Shot Blocked by Dawson Mercer.
11:42 of 2nd period - Shot by Jonathan Huberdeau.
11:42 of 2nd period - Deflect By Sean Monahan.
11:42 of 2nd period - Shot Misses the Net.
11:44 of 2nd period - Shot by Sean Monahan.
11:44 of 2nd period - Shot Misses the Net.
12:02 of 2nd period - Shot by Drake Batherson.
12:02 of 2nd period - Shot Misses the Net.
12:30 of 2nd period - Shot by Ryan Strome.
12:30 of 2nd period - Stopped by Alex Nedeljkovic without a rebound.
12:31 of 2nd period - Patrice Bergeron wins face-off versus Alexander Wennberg in MapleLeafs zone.
12:46 of 2nd period - Shot by Alexander Wennberg.
12:46 of 2nd period - Stopped by Jacob Markstrom without a rebound.
12:47 of 2nd period - Brock Nelson wins face-off versus Sean Monahan in Lightning zone.
13:26 of 2nd period - Shot by Jonathan Huberdeau.
13:26 of 2nd period - Stopped by Jacob Markstrom without a rebound.
13:27 of 2nd period - Mikael Granlund wins face-off versus Patrice Bergeron in Lightning zone.
13:28 of 2nd period - Shot by Erik Cernak.
13:28 of 2nd period - Stopped by Jacob Markstrom without a rebound.
13:29 of 2nd period - Patrice Bergeron wins face-off versus Mikael Granlund in Lightning zone.
13:33 of 2nd period - Off-side.
13:34 of 2nd period - Jeff Skinner wins face-off versus Mikael Granlund in neutral zone.
13:51 of 2nd period - Shot by Patrice Bergeron.
13:51 of 2nd period - Goal by Patrice Bergeron - Lightning : 2 - MapleLeafs : 1.
13:52 of 2nd period - Brock Nelson wins face-off versus Noel Acciari in neutral zone.
14:14 of 2nd period - Shot by Noel Acciari.
14:14 of 2nd period - Deflect By Jonathan Huberdeau.
14:14 of 2nd period - Stopped by Jacob Markstrom with a rebound.
14:16 of 2nd period - Shot by Noel Acciari.
14:16 of 2nd period - Shot Misses the Net.
14:18 of 2nd period - Shot by John Marino.
14:18 of 2nd period - Shot Blocked by John Klingberg.
14:20 of 2nd period - Shot by Filip Chytil.
14:20 of 2nd period - Goal by Filip Chytil - Lightning : 2 - MapleLeafs : 2.
14:21 of 2nd period - Patrice Bergeron wins face-off versus Mikael Granlund in neutral zone.
14:32 of 2nd period - Shot by Kevin Shattenkirk.
14:32 of 2nd period - Shot Blocked by Alexander Romanov.
14:38 of 2nd period - Shot by Mikael Granlund.
14:38 of 2nd period - Deflect By Evgeny Kuznetsov.
14:38 of 2nd period - Shot Misses the Net.
16:21 of 2nd period - Shot by Brock Nelson.
16:21 of 2nd period - Shot Blocked by Sean Monahan.
16:47 of 2nd period - Evgeny Kuznetsov is hit by Brock Nelson and loses puck.
18:06 of 2nd period - Shot by John Klingberg.
18:06 of 2nd period - Stopped by Alex Nedeljkovic without a rebound.
18:07 of 2nd period - Patrice Bergeron wins face-off versus Alexander Wennberg in MapleLeafs zone.
18:26 of 2nd period - Shot by Jeff Skinner.
18:26 of 2nd period - Stopped by Alex Nedeljkovic without a rebound.
18:27 of 2nd period - William Karlsson wins face-off versus Noel Acciari in MapleLeafs zone.
19:29 of 2nd period - Icing by Alexander Romanov.
19:30 of 2nd period - Patrice Bergeron wins face-off versus Alexander Wennberg in MapleLeafs zone.
Goals for this period are 2 for Lightning vs 2 for MapleLeafs.
Shots for this period are 13 for Lightning vs 12 for MapleLeafs.

3rd period


0:01 of 3rd period - Patrice Bergeron wins face-off versus Drake Batherson in neutral zone.
0:04 of 3rd period - Shot by Jeff Skinner.
0:04 of 3rd period - Shot Misses the Net.
0:20 of 3rd period - Icing by Brandon Montour.
0:21 of 3rd period - Alexander Wennberg wins face-off versus Patrice Bergeron in Lightning zone.
0:24 of 3rd period - Shot by Alexander Wennberg.
0:24 of 3rd period - Stopped by Jacob Markstrom without a rebound.
0:25 of 3rd period - Mikael Granlund wins face-off versus Brock Nelson in Lightning zone.
0:30 of 3rd period - Shot by Drake Batherson.
0:30 of 3rd period - Shot Blocked by Kevin Shattenkirk.
0:39 of 3rd period - Evgeny Kuznetsov is hit by Andrew Peeke and loses puck.
0:46 of 3rd period - Shot by Drake Batherson.
0:46 of 3rd period - Stopped by Jacob Markstrom with a rebound.
0:52 of 3rd period - Shot by Evgeny Kuznetsov.
0:52 of 3rd period - Deflect By Drake Batherson.
0:52 of 3rd period - Shot Misses the Net.
0:57 of 3rd period - Icing by Andrew Peeke.
0:58 of 3rd period - Brock Nelson wins face-off versus Alexander Wennberg in Lightning zone.
1:29 of 3rd period - Shot by Alexander Wennberg.
1:29 of 3rd period - Deflect By Kasperi Kapanen.
1:29 of 3rd period - Shot Blocked by Brock Nelson.
1:31 of 3rd period - Shot by Alexander Wennberg.
1:31 of 3rd period - Shot Misses the Net.
1:33 of 3rd period - Shot by Nicolas Hague.
1:33 of 3rd period - Shot Misses the Net.
1:35 of 3rd period - Shot by Alexander Wennberg.
1:35 of 3rd period - Stopped by Jacob Markstrom without a rebound.
1:36 of 3rd period - Patrice Bergeron wins face-off versus Mikael Granlund in Lightning zone.
1:36 of 3rd period - Patrice Bergeron is hit by Drake Batherson.
2:08 of 3rd period - Shot by Mikael Granlund.
2:08 of 3rd period - Shot Misses the Net.
2:53 of 3rd period - Shot by Dawson Mercer.
2:53 of 3rd period - Stopped by Alex Nedeljkovic without a rebound.
2:54 of 3rd period - Alexander Wennberg wins face-off versus Brock Nelson in MapleLeafs zone.
2:54 of 3rd period - Alexander Wennberg is hit by Alex Killorn.
3:15 of 3rd period - Shot by Ryan Strome.
3:15 of 3rd period - Shot Misses the Net.
3:18 of 3rd period - Icing by Nicolas Hague.
3:19 of 3rd period - William Karlsson wins face-off versus Kasperi Kapanen in MapleLeafs zone.
3:28 of 3rd period - Noel Acciari is hit by Erik Haula and loses puck.
3:42 of 3rd period - Icing by Kaiden Guhle.
3:43 of 3rd period - Mikael Granlund wins face-off versus William Karlsson in Lightning zone.
3:44 of 3rd period - Shot by Drake Batherson.
3:44 of 3rd period - Stopped by Jacob Markstrom with a rebound.
3:50 of 3rd period - Shot by Evgeny Kuznetsov.
3:50 of 3rd period - Stopped by Jacob Markstrom without a rebound.
3:51 of 3rd period - Mikael Granlund wins face-off versus Patrice Bergeron in Lightning zone.
4:10 of 3rd period - Shot by Drake Batherson.
4:10 of 3rd period - Stopped by Jacob Markstrom without a rebound.
4:11 of 3rd period - Brock Nelson wins face-off versus Noel Acciari in Lightning zone.
5:31 of 3rd period - Icing by Brandon Montour.
5:32 of 3rd period - Sean Monahan wins face-off versus Patrice Bergeron in Lightning zone.
5:32 of 3rd period - Nicolas Hague is hit by Brandon Montour and loses puck.
5:52 of 3rd period - Shot by Patrice Bergeron.
5:52 of 3rd period - Stopped by Alex Nedeljkovic without a rebound.
5:53 of 3rd period - William Karlsson wins face-off versus Mikael Granlund in MapleLeafs zone.
5:54 of 3rd period - Shot by Trevor Moore.
5:54 of 3rd period - Stopped by Alex Nedeljkovic without a rebound.
5:55 of 3rd period - Brock Nelson wins face-off versus Drake Batherson in MapleLeafs zone.
6:02 of 3rd period - Shot by Alex Killorn.
6:02 of 3rd period - Shot Misses the Net.
6:09 of 3rd period - Icing by John Marino.
6:10 of 3rd period - William Karlsson wins face-off versus Mikael Granlund in MapleLeafs zone.
6:10 of 3rd period - Erik Haula is hit by Rasmus Sandin and loses puck.
6:32 of 3rd period - Shot by Evgeny Kuznetsov.
6:32 of 3rd period - Stopped by Jacob Markstrom without a rebound.
6:33 of 3rd period - Sean Monahan wins face-off versus Patrice Bergeron in Lightning zone.
7:02 of 3rd period - Shot by Jeff Skinner.
7:02 of 3rd period - Shot Misses the Net.
7:04 of 3rd period - Shot by Patrice Bergeron.
7:04 of 3rd period - Stopped by Alex Nedeljkovic without a rebound.
7:05 of 3rd period - Alexander Wennberg wins face-off versus Brock Nelson in MapleLeafs zone.
7:27 of 3rd period - Shot by Kasperi Kapanen.
7:27 of 3rd period - Deflect By Alexander Wennberg.
7:27 of 3rd period - Shot Misses the Net.
7:29 of 3rd period - Shot by Noel Acciari.
7:29 of 3rd period - Deflect By Alexander Wennberg.
7:29 of 3rd period - Stopped by Jacob Markstrom with a rebound.
7:31 of 3rd period - Shot by Nicolas Hague.
7:31 of 3rd period - Shot Misses the Net.
7:43 of 3rd period - Shot by Alexander Wennberg.
7:43 of 3rd period - Stopped by Jacob Markstrom without a rebound.
7:44 of 3rd period - Mikael Granlund wins face-off versus Patrice Bergeron in Lightning zone.
8:13 of 3rd period - Shot by Patrice Bergeron.
8:13 of 3rd period - Shot Misses the Net.
9:46 of 3rd period - Shot by Ryan Strome.
9:46 of 3rd period - Shot Misses the Net.
9:48 of 3rd period - Shot by Brock Nelson.
9:48 of 3rd period - Stopped by Alex Nedeljkovic without a rebound.
9:49 of 3rd period - William Karlsson wins face-off versus Kasperi Kapanen in MapleLeafs zone.
10:05 of 3rd period - Icing by Andrew Peeke.
10:06 of 3rd period - Trevor Moore wins face-off versus Mikael Granlund in Lightning zone.
10:23 of 3rd period - Icing by Erik Haula.
10:24 of 3rd period - William Karlsson wins face-off versus Kasperi Kapanen in Lightning zone.
10:24 of 3rd period - William Karlsson is hit by Noel Acciari.
10:42 of 3rd period - Shot by Alexander Wennberg.
10:42 of 3rd period - Shot Misses the Net.
11:30 of 3rd period - Shot by Brock Nelson.
11:30 of 3rd period - Stopped by Alex Nedeljkovic without a rebound.
11:31 of 3rd period - Sean Monahan wins face-off versus Patrice Bergeron in MapleLeafs zone.
11:31 of 3rd period - Sean Monahan is hit by Tyler Toffoli.
11:45 of 3rd period - Shot by Jeff Skinner.
11:45 of 3rd period - Shot Blocked by John Marino.
11:51 of 3rd period - Jonathan Huberdeau is hit by Patrice Bergeron and loses puck.
11:55 of 3rd period - Icing by Rasmus Sandin.
11:56 of 3rd period - Brock Nelson wins face-off versus Sean Monahan in MapleLeafs zone.
12:56 of 3rd period - William Karlsson is hit by Drake Batherson and loses puck.
13:24 of 3rd period - Shot by Erik Haula.
13:24 of 3rd period - Shot Blocked by Erik Cernak.
14:06 of 3rd period - Shot by Patrice Bergeron.
14:06 of 3rd period - Stopped by Alex Nedeljkovic without a rebound.
14:07 of 3rd period - Sean Monahan wins face-off versus Brock Nelson in MapleLeafs zone.
14:09 of 3rd period - Icing by Jonathan Huberdeau.
14:10 of 3rd period - Sean Monahan wins face-off versus Brock Nelson in MapleLeafs zone.
14:42 of 3rd period - Off-side.
14:43 of 3rd period - Alexander Wennberg wins face-off versus Patrice Bergeron in neutral zone.
15:41 of 3rd period - Alexander Wennberg is hit by Alex Killorn and loses puck.
16:05 of 3rd period - Minor Penalty to Andrew Peeke for Tripping.
16:06 of 3rd period - Patrice Bergeron wins face-off versus Evgeny Kuznetsov in Lightning zone.
16:06 of 3rd period - Patrice Bergeron is hit by Jon Marchessault.
16:16 of 3rd period - Shot by Jon Marchessault.
16:16 of 3rd period - Stopped by Jacob Markstrom without a rebound.
16:17 of 3rd period - Patrice Bergeron wins face-off versus Evgeny Kuznetsov in Lightning zone.
16:58 of 3rd period - Shot by Jonathan Huberdeau.
16:58 of 3rd period - Shot Misses the Net.
17:13 of 3rd period - Icing by Drake Batherson.
17:14 of 3rd period - Brock Nelson wins face-off versus Sean Monahan in MapleLeafs zone.
17:27 of 3rd period - Shot by Alexander Romanov.
17:27 of 3rd period - Shot Misses the Net.
17:51 of 3rd period - Shot by Drake Batherson.
17:51 of 3rd period - Shot Blocked by Kevin Shattenkirk.
17:53 of 3rd period - Shot by John Marino.
17:53 of 3rd period - Stopped by Jacob Markstrom without a rebound.
17:54 of 3rd period - Patrice Bergeron wins face-off versus Evgeny Kuznetsov in Lightning zone.
17:59 of 3rd period - Shot by Jon Marchessault.
17:59 of 3rd period - Shot Misses the Net.
18:08 of 3rd period - Icing by Jonathan Huberdeau.
18:09 of 3rd period - Alex Killorn wins face-off versus Noel Acciari in MapleLeafs zone.
18:10 of 3rd period - Shot by Brock Nelson.
18:10 of 3rd period - Shot Blocked by Nicolas Hague.
18:12 of 3rd period - Shot by Alex Killorn.
18:12 of 3rd period - Stopped by Alex Nedeljkovic without a rebound.
18:13 of 3rd period - Brock Nelson wins face-off versus Mikael Granlund in MapleLeafs zone.
18:33 of 3rd period - Shot by Evgeny Kuznetsov.
18:33 of 3rd period - Stopped by Jacob Markstrom without a rebound.
18:34 of 3rd period - Noel Acciari wins face-off versus William Karlsson in Lightning zone.
18:51 of 3rd period - Shot by Filip Chytil.
18:51 of 3rd period - Shot Blocked by John Klingberg.
19:01 of 3rd period - Icing by Jonathan Huberdeau.
19:02 of 3rd period - Patrice Bergeron wins face-off versus Noel Acciari in MapleLeafs zone.
19:06 of 3rd period - Icing by Filip Chytil.
19:07 of 3rd period - Noel Acciari wins face-off versus Patrice Bergeron in MapleLeafs zone.
19:22 of 3rd period - Shot by Noel Acciari.
19:22 of 3rd period - Shot Blocked by Patrice Bergeron.
19:44 of 3rd period - Shot by Jeff Skinner.
19:44 of 3rd period - Shot Misses the Net.
19:52 of 3rd period - Shot by Patrice Bergeron.
19:52 of 3rd period - Stopped by Alex Nedeljkovic without a rebound.
19:53 of 3rd period - Mikael Granlund wins face-off versus Brock Nelson in MapleLeafs zone.
19:59 of 3rd period - Zach Whitecloud is hit by Ryan Strome and loses puck.
Goals for this period are 0 for Lightning vs 0 for MapleLeafs.
Shots for this period are 9 for Lightning vs 12 for MapleLeafs.

Overtime #1


0:01 of 1st overtime period - Alexander Wennberg wins face-off versus Patrice Bergeron in neutral zone.
0:06 of 1st overtime period - Shot by Jon Marchessault.
0:06 of 1st overtime period - Stopped by Jacob Markstrom without a rebound.
0:07 of 1st overtime period - Patrice Bergeron wins face-off versus Alexander Wennberg in Lightning zone.
0:29 of 1st overtime period - Shot by Alexander Wennberg.
0:29 of 1st overtime period - Stopped by Jacob Markstrom without a rebound.
0:30 of 1st overtime period - Alexander Wennberg wins face-off versus Patrice Bergeron in Lightning zone.
0:41 of 1st overtime period - Shot by Drake Batherson.
0:41 of 1st overtime period - Stopped by Jacob Markstrom without a rebound.
0:42 of 1st overtime period - Patrice Bergeron wins face-off versus Alexander Wennberg in Lightning zone.
1:06 of 1st overtime period - Shot by Patrice Bergeron.
1:06 of 1st overtime period - Stopped by Alex Nedeljkovic without a rebound.
1:07 of 1st overtime period - Jon Marchessault wins face-off versus Brock Nelson in MapleLeafs zone.
1:48 of 1st overtime period - Shot by Jon Marchessault.
1:48 of 1st overtime period - Shot Misses the Net.
2:17 of 1st overtime period - Shot by Jeff Skinner.
2:17 of 1st overtime period - Stopped by Alex Nedeljkovic without a rebound.
2:18 of 1st overtime period - Patrice Bergeron wins face-off versus Alexander Wennberg in MapleLeafs zone.
2:21 of 1st overtime period - Shot by Jeff Skinner.
2:21 of 1st overtime period - Stopped by Alex Nedeljkovic with a rebound.
2:39 of 1st overtime period - Shot by Alexander Wennberg.
2:39 of 1st overtime period - Stopped by Jacob Markstrom with a rebound.
2:41 of 1st overtime period - Shot by Alexander Wennberg.
2:41 of 1st overtime period - Shot Misses the Net.
2:43 of 1st overtime period - Shot by Alexander Wennberg.
2:43 of 1st overtime period - Shot Misses the Net.
2:45 of 1st overtime period - Shot by Drake Batherson.
2:45 of 1st overtime period - Shot Misses the Net.
2:47 of 1st overtime period - Shot by Drake Batherson.
2:47 of 1st overtime period - Goal by Drake Batherson - Lightning : 2 - MapleLeafs : 3.
Goals for this period are 0 for Lightning vs 1 for MapleLeafs.
Shots for this period are 3 for Lightning vs 5 for MapleLeafs.